[Event "IND-ch Women 2019"]
[Site "Karaikkudi"]
[Date "2019.07.25"]
[Round "9.16"]
[White "Bala Kannamma P"]
[Black "Pandey Srishti"]
[Result "1-0"]
[ECO "B10"]
[WhiteElo "2051"]
[BlackElo "1882"]
[Annotator "NA"]
[PlyCount "189"]
[EventDate "2019.07.19"]
[EventType "swiss"]
[EventCountry "IND"]
[SourceTitle "playchess.com"]
[Source "ChessBase"]
[SourceQuality "1"]
[TimeControl "40/5400+30:1800+30"]

1. e4 c6 2. d3 d5 3. Nd2 Nd7 4. g3 e6 5. Bg2 Ngf6 6. Ngf3 dxe4 7. dxe4 Bc5 8. O-O O-O 9. Qe2 $11 ({White should play} 9. e5 $16 Ng4 10. Qe2) 9... b6 10. b3 a5 11. Bb2 Ba6 12. c4 a4 13. bxa4 Be7 14. Rfd1 Qc7 15. e5 Ng4 16. h3 Nh6 17. Ne4 Nf5 18. Nd6 Nxd6 19. exd6 Bxd6 20. Qd2 Be5 21. Nxe5 Nxe5 22. Qf4 f6 23. Bxe5 fxe5 24. Qg4 Qf7 25. Rd2 Bb7 26. Rad1 Rae8 27. Qe2 Re7 28. c5 bxc5 29. Qxe5 c4 30. Rc1 c5 31. Bxb7 Rxb7 32. Qe4 c3 33. Rxc3 Rd7 34. Qe1 Rd4 35. Rxc5 Rxa4 36. Re5 Ra6 37. Qe2 Rc6 38. Rc2 Rb6 39. Rb2 Rc6 40. Rc2 Rb6 41. Rb5 Rd6 42. Rb1 Qf5 43. h4 h6 44. Re1 Ra8 45. Qe4 Qxe4 46. Rxe4 Rda6 47. Ree2 R8a7 48. Kf1 Kf7 49. Red2 Kf6 50. Ke2 g5 51. hxg5+ hxg5 52. Kd1 Ra4 53. Kc1 e5 54. Kb1 Kf5 55. Rc3 Ra8 56. Rb2 R8a5 57. Rf3+ Kg4 58. Re3 Kf5 59. Reb3 Ra8 60. Rb4 R4a5 61. g4+ Ke6 62. Rd2 R8a6 63. f3 Ra3 64. Rb3 R3a4 65. Rb5 Kf6 66. Re2 Re6 67. Re4 Ra3 68. Rb3 Rea6 69. Re2 R3a5 70. Reb2 Ke6 71. Rb6+ Kd5 72. Rd2+ Kc5 73. Rbb2 Rf6 74. Rbc2+ Kb6 75. Rc3 Rb5+ 76. Rb2 Re6 77. a4 Rxb2+ 78. Kxb2 Rd6 79. Kb3 Rd4 80. Re3 Rd5 81. Kc3 Kc6 82. Kc2 Ra5 83. Ra3 Kd5 84. Kd3 Kd6 85. Kc4 Ra8 86. a5 e4 87. fxe4 Ke5 88. a6 Kf4 89. a7 Kxg4 90. Kd5 Kf4 91. Ra4 g4 92. e5+ Kf5 93. Kc6 g3 94. Kb7 g2 95. Ra1 1-0

[Event "IND-ch Women 2019"]
[Site "Karaikkudi"]
[Date "2019.07.25"]
[Round "9.17"]
[White "Ramaswamy, Aarthie"]
[Black "Sunyasakta, Satpathy"]
[Result "1-0"]
[ECO "C90"]
[WhiteElo "2020"]
[BlackElo "1801"]
[Annotator "NA"]
[PlyCount "57"]
[EventDate "2019.07.19"]
[EventType "swiss"]
[EventCountry "IND"]
[SourceTitle "playchess.com"]
[Source "ChessBase"]
[SourceQuality "1"]
[TimeControl "40/5400+30:1800+30"]

1. e4 e5 2. Nf3 Nc6 3. Bb5 a6 4. Ba4 Nf6 5. O-O Be7 6. d3 b5 7. Bb3 d6 8. c3 O-O 9. Re1 Na5 10. Bc2 c5 11. Nbd2 Re8 12. Nf1 h6 13. Ng3 Bf8 14. h3 Nc6 15. d4 cxd4 16. cxd4 exd4 17. Nxd4 Nxd4 18. Qxd4 Bb7 19. Bf4 Rc8 20. Bb3 d5 $14 21. exd5 Rxe1+ 22. Rxe1 Bc5 23. Qd2 Nxd5 24. Rd1 Qf6 25. Nh5 Qh4 26. Bxd5 Bxd5 27. Qxd5 Bxf2+ 28. Kh2 Bb6 29. Qe5 1-0

[Event "IND-ch Women 2019"]
[Site "Karaikkudi"]
[Date "2019.07.25"]
[Round "9.18"]
[White "Saranya, J."]
[Black "Sunyuktha C M N"]
[Result "1-0"]
[ECO "B90"]
[WhiteElo "2067"]
[BlackElo "1815"]
[Annotator "NA"]
[PlyCount "95"]
[EventDate "2019.07.19"]
[EventType "swiss"]
[EventCountry "IND"]
[SourceTitle "playchess.com"]
[Source "ChessBase"]
[SourceQuality "1"]
[TimeControl "40/5400+30:1800+30"]

1. e4 c5 2. Nf3 d6 3. d4 cxd4 4. Nxd4 Nf6 5. Nc3 a6 6. a4 e5 7. Nde2 Nc6 8. g3 $15 Bg4 9. Bg2 Nd4 10. Qd3 Nxe2 11. Nxe2 Be7 12. O-O O-O 13. c4 Rc8 14. Nc3 Be6 15. b3 Nd7 16. Be3 Nc5 17. Qc2 b6 18. f4 f6 19. f5 Bf7 20. g4 Rc7 21. Rf3 Qb8 22. Rg3 b5 23. Nd5 Bxd5 24. exd5 Rfc8 25. Bf1 bxa4 26. bxa4 Rb7 27. Rg2 Bd8 28. Ra2 a5 29. h4 Na6 30. Qe2 Rb3 31. Bf2 h6 32. Qe4 Nc5 33. Qc2 Na6 34. Qd1 Rb1 35. Qc2 Rb7 36. Qe2 Rb1 37. Kh2 Nc5 38. Ra3 Qb4 39. Rh3 Nxa4 40. g5 fxg5 41. f6 Bxf6 42. hxg5 hxg5 43. Qg4 Re8 44. Bd3 e4 45. Bxe4 Be5+ 46. Bg3 Rb2 47. Rh8+ Kf7 48. Qh5+ {[%emt 0:06:03] Nc5} 1-0

[Event "IND-ch Women 2019"]
[Site "Karaikkudi"]
[Date "2019.07.25"]
[Round "9.19"]
[White "Jyothsna L"]
[Black "Abhirami Madabushi"]
[Result "1-0"]
[ECO "A48"]
[WhiteElo "1939"]
[BlackElo "1689"]
[Annotator "NA"]
[PlyCount "85"]
[EventDate "2019.07.19"]
[EventType "swiss"]
[EventCountry "IND"]
[SourceTitle "playchess.com"]
[Source "ChessBase"]
[SourceQuality "1"]
[TimeControl "40/5400+30:1800+30"]

1. d4 Nf6 2. Nf3 g6 3. Bf4 Bg7 4. e3 O-O 5. Be2 c5 6. c3 cxd4 7. exd4 d6 8. O-O a6 9. a4 b6 10. Nbd2 Nc6 $11 11. h3 Bb7 12. Re1 Na7 13. Bd3 b5 14. axb5 axb5 15. Bg5 Qd7 16. Qe2 e6 17. Ra5 Nd5 18. Rea1 Bc6 19. Ne4 h6 20. Bd2 f5 21. Nxd6 Kh7 22. Ne5 Qxd6 23. Rxa7 b4 24. Nxc6 Qxc6 25. R1a6 Nb6 26. Bb5 Qd5 27. Rxg7+ Kxg7 28. Rxb6 bxc3 29. Bxc3 f4 30. Qxe6 Ra1+ 31. Kh2 Qxe6 32. Rxe6 f3 33. gxf3 Rxf3 34. Kg2 Rf5 35. Re5 Rxe5 36. dxe5 Kf7 37. Bc4+ Ke7 38. Bb4+ Ke8 39. e6 Ra7 40. Bb5+ Kd8 41. e7+ Rxe7 42. Bxe7+ Kxe7 43. h4 1-0

[Event "IND-ch Women 2019"]
[Site "Karaikkudi"]
[Date "2019.07.25"]
[Round "9.20"]
[White "Dhyana Patel"]
[Black "Chinnam Vyshnavi"]
[Result "*"]
[ECO "C08"]
[WhiteElo "1900"]
[BlackElo "1664"]
[Annotator "NA"]
[PlyCount "31"]
[EventDate "2019.07.19"]
[EventType "swiss"]
[EventCountry "IND"]
[SourceTitle "playchess.com"]
[Source "ChessBase"]
[SourceQuality "1"]
[TimeControl "40/5400+30:1800+30"]

1. e4 e6 2. d4 d5 3. Nd2 c5 4. exd5 exd5 5. Bb5+ Bd7 6. Qe2+ Qe7 7. Bxd7+ Nxd7 8. dxc5 Qxe2+ 9. Nxe2 Bxc5 10. Nb3 Bb6 11. O-O Ngf6 12. Bf4 Ne4 13. Rad1 Ndf6 14. Ned4 O-O $14 15. f3 Nc5 16. Be3 *

[Event "IND-ch Women 2019"]
[Site "Karaikkudi"]
[Date "2019.07.25"]
[Round "9.20"]
[White "Dhyana Patel"]
[Black "Chinnam Vyshnavi"]
[Result "1/2-1/2"]
[ECO "C08"]
[WhiteElo "1900"]
[BlackElo "1664"]
[Annotator "NA"]
[PlyCount "67"]
[EventDate "2019.07.19"]
[EventType "swiss"]
[EventCountry "IND"]
[SourceTitle "playchess.com"]
[Source "ChessBase"]
[SourceQuality "1"]
[TimeControl "40/5400+30:1800+30"]

1. e4 e6 2. d4 d5 3. Nd2 c5 4. exd5 exd5 5. Bb5+ Bd7 6. Qe2+ Qe7 7. Bxd7+ Nxd7 8. dxc5 Qxe2+ 9. Nxe2 Bxc5 10. Nb3 Bb6 11. O-O Ngf6 12. Bf4 Ne4 13. Rad1 Ndf6 14. Ned4 O-O $14 15. f3 Nc5 16. Nxc5 Bxc5 17. Be3 Rfe8 18. Bf2 a6 19. Rfe1 g6 20. c3 Rad8 21. Kf1 Bd6 22. g3 Rxe1+ 23. Rxe1 Re8 24. Rxe8+ Nxe8 25. Nc2 Kf8 26. Ke2 Ke7 27. Kd3 Ke6 28. Nd4+ Ke7 29. Nb3 Kd7 30. Be3 Ng7 31. Bf2 Ne8 32. Be3 Ng7 33. Nd4 Ne6 34. Nb3 1/2-1/2

[Event "IND-ch Women 2019"]
[Site "Karaikkudi"]
[Date "2019.07.25"]
[Round "9.21"]
[White "Toshali, V."]
[Black "Mudaliar Nandini"]
[Result "1-0"]
[ECO "D02"]
[WhiteElo "1920"]
[BlackElo "1609"]
[Annotator "NA"]
[PlyCount "99"]
[EventDate "2019.07.19"]
[EventType "swiss"]
[EventCountry "IND"]
[SourceTitle "playchess.com"]
[Source "ChessBase"]
[SourceQuality "1"]
[TimeControl "40/5400+30:1800+30"]

1. d4 d5 2. Nf3 Nf6 3. Bf4 e6 4. e3 c6 5. Nbd2 Nbd7 6. Bd3 Be7 7. Ne5 Qb6 8. Rb1 c5 9. c3 Nxe5 10. dxe5 Nd7 11. O-O Nf8 12. e4 Ng6 13. Bg3 Bd7 14. Re1 Bc6 15. exd5 Bxd5 16. Nc4 Bxc4 17. Bxc4 Qc6 18. Bd3 Bh4 $16 19. Be4 Qd7 20. Qxd7+ Kxd7 21. Bxh4 Nxh4 22. Bxb7 Rab8 23. Ba6 Rb6 24. Bc4 Kc7 25. Kf1 Ng6 26. Re4 Rd8 27. Bb3 Rbb8 28. Ke2 Rd7 29. Rd1 Rbd8 30. Rxd7+ Rxd7 31. a4 Kc6 32. Bc4 Rb7 33. b3 a5 34. Bb5+ Kd5 35. Re3 Nxe5 36. f4 Ng6 37. Rd3+ Ke4 38. Bc6+ Kf5 39. Bxb7 Nxf4+ 40. Ke3 Nxd3 41. Kxd3 Ke5 42. Kc4 Kd6 43. Kb5 f5 44. Kxa5 e5 45. Kb5 e4 46. Kc4 g5 47. g4 fxg4 48. Bxe4 h5 49. a5 Kc7 50. Kxc5 1-0

[Event "IND-ch Women 2019"]
[Site "Karaikkudi"]
[Date "2019.07.26"]
[Round "10.1"]
[White "Priyanka, Kumari"]
[Black "Kulkarni Bhakti"]
[Result "0-1"]
[ECO "C70"]
[WhiteElo "1991"]
[BlackElo "2388"]
[Annotator "RC"]
[PlyCount "138"]
[EventDate "2019.07.19"]
[EventType "swiss"]
[EventCountry "IND"]
[SourceTitle "playchess.com"]
[Source "ChessBase"]
[SourceQuality "1"]
[TimeControl "40/5400+30:1800+30"]

1. e4 e5 2. Nf3 Nc6 3. Bb5 g6 4. c3 a6 5. Ba4 Bg7 6. d4 exd4 7. cxd4 b5 8. Bb3 d6 9. h3 Nge7 10. Nc3 Na5 11. Bc2 O-O 12. O-O h6 13. d5 Bb7 14. Be3 Nc4 15. Qc1 Nxe3 16. Qxe3 b4 17. Ne2 c6 18. dxc6 Nxc6 19. Rad1 Rc8 20. Bb1 Re8 21. Qd2 a5 22. Nf4 Qf6 23. b3 Ne5 24. Nxe5 Rxe5 25. Rfe1 Rce8 26. Nd5 Bxd5 27. exd5 Qg5 28. Rxe5 Qxe5 29. Qd3 Qh5 30. g4 Qg5 31. Qf3 h5 32. Kf1 h4 33. Bd3 Bc3 34. Bc4 Bb2 35. Kg2 Qe5 36. Kf1 Kf8 37. Kg2 Bd4 38. Bd3 Kg7 39. Bc4 Bc5 40. Bb5 Re7 41. Qd3 g5 42. Rd2 Qe1 43. Re2 Rxe2 44. Qxe2 Qxe2 45. Bxe2 Kf6 46. Kf3 Ke5 47. Bc4 Kd4 48. Ke2 Kc3 49. Bb5 Kb2 50. Kd2 Bxf2 51. Be2 Bg3 52. Kd3 Be5 53. Kd2 Bf4+ 54. Kd3 Kxa2 55. Kc2 a4 56. Bc4 axb3+ 57. Bxb3+ Ka3 58. Bc4 Be5 59. Kb1 b3 60. Be2 Kb4 61. Bf3 Kc3 62. Bg2 Kd3 63. Bf1+ Ke3 64. Bc4 b2 65. Kc2 Kf2 66. Bd3 Kg2 67. Kd2 Kxh3 68. Bf5 Kg2 69. Be4+ Kg1 0-1

[Event "IND-ch Women 2019"]
[Site "Karaikkudi"]
[Date "2019.07.26"]
[Round "10.13"]
[White "Thipsay, Bagyashree Sathe"]
[Black "Bakshi, Rutuja"]
[Result "1/2-1/2"]
[ECO "C02"]
[WhiteElo "2093"]
[BlackElo "1958"]
[Annotator "NA RC"]
[PlyCount "117"]
[EventDate "2019.07.19"]
[EventType "swiss"]
[EventCountry "IND"]
[SourceTitle "playchess.com"]
[Source "ChessBase"]
[SourceQuality "1"]
[TimeControl "40/5400+30:1800+30"]

1. e4 e6 2. d4 d5 3. e5 c5 4. c3 Qb6 5. Nf3 Bd7 6. Bd3 Bb5 7. dxc5 Bxc5 8. b4 Bxd3 9. Qxd3 Bf8 10. O-O Ne7 11. Na3 Nbc6 $11 12. Nb5 Nf5 13. Bf4 a6 14. Nd6+ Nxd6 15. exd6 Qd8 16. Rfe1 Bxd6 17. Bxd6 Qxd6 18. Ng5 h6 19. Ne4 Qc7 20. Ng3 O-O 21. Nh5 g6 22. Ng3 Qf4 23. Re3 Ne5 24. Qe2 Nc4 25. Rd3 b5 26. Rd4 Qe5 27. Qf1 a5 28. a3 axb4 29. axb4 Rxa1 30. Qxa1 Kg7 31. h3 Nd6 32. Rd3 Nc4 33. Kf1 Qc7 34. Ne2 Qb8 35. g3 Qb7 36. Nd4 Ra8 37. Qc1 Ra2 38. Kg1 Qa8 39. Rd1 Qa4 40. Qb1 e5 41. Nc6 Rb2 42. Qd3 d4 43. Re1 Qa2 44. cxd4 Rxf2 45. Qe4 Rf5 46. Qg2 Qxg2+ 47. Kxg2 exd4 48. Nxd4 Rd5 49. Nb3 Rd3 50. Nc5 Rd2+ 51. Kf3 Rb2 52. Nd3 Rb3 53. Ke4 Nd6+ 54. Ke3 Kf6 55. g4 Kg5 56. Kd4 h5 57. Re5+ Kf6 58. g5+ Kg7 59. Rd5 1/2-1/2

[Event "IND-ch Women 2019"]
[Site "Karaikkudi"]
[Date "2019.07.26"]
[Round "10.14"]
[White "Meghna, C H"]
[Black "Harshita Guddanti"]
[Result "0-1"]
[ECO "C54"]
[WhiteElo "1903"]
[BlackElo "2078"]
[Annotator "NA RC"]
[PlyCount "132"]
[EventDate "2019.07.19"]
[EventType "swiss"]
[EventCountry "IND"]
[SourceTitle "playchess.com"]
[Source "ChessBase"]
[SourceQuality "1"]
[TimeControl "40/5400+30:1800+30"]

1. e4 e5 2. Nf3 Nc6 3. Bc4 Nf6 4. d3 Bc5 5. c3 a6 6. Bb3 Ba7 7. h3 d6 8. Nbd2 h6 9. Nf1 Ne7 10. Ng3 c6 11. d4 Qc7 12. Be3 O-O 13. O-O Ng6 14. Qd2 Kh7 15. Bc2 Re8 16. Rfe1 Bd7 $16 17. Nf5 Ng8 18. Rad1 Red8 19. g4 f6 20. Ng3 c5 21. d5 c4 22. Kh2 b5 23. Rg1 Bxe3 24. fxe3 a5 25. Nh5 Be8 26. h4 b4 27. Rg2 bxc3 28. Qxc3 a4 29. a3 Rdc8 30. Ng3 Qa5 31. Nf5 Qxc3 32. bxc3 Ra6 33. Rb1 Nf8 34. Bd1 Nd7 35. Rb4 g6 36. Ng3 Nc5 37. Rxc4 Bd7 38. Ne1 Ne7 39. Rb2 Kg7 40. Bc2 Kf7 41. Bd1 Nd3 42. Rxc8 Nxb2 43. Rc7 Nxd1 44. Rxd7 Nxe3 45. Nd3 Ke8 46. Rb7 Nxg4+ 47. Kh3 Ne3 48. h5 g5 49. Rb8+ Kf7 50. Nb4 Ra7 51. Nc6 Nxc6 52. dxc6 Ke6 53. Rh8 Rc7 54. Rxh6 Rxc6 55. Rh7 Rxc3 56. h6 Nf1 57. Kg2 Nxg3 58. Rg7 Ne2 59. h7 Nf4+ 60. Kf2 Rh3 61. Ra7 f5 62. exf5+ Kxf5 63. Rxa4 Rxh7 64. Ra8 Rh2+ 65. Kf1 Ra2 66. a4 g4 0-1

[Event "IND-ch Women 2019"]
[Site "Karaikkudi"]
[Date "2019.07.26"]
[Round "10.16"]
[White "Singh, Neha"]
[Black "Saranya, J."]
[Result "1-0"]
[ECO "B37"]
[WhiteElo "1809"]
[BlackElo "2067"]
[Annotator "NA RC"]
[PlyCount "167"]
[EventDate "2019.07.19"]
[EventType "swiss"]
[EventCountry "IND"]
[SourceTitle "playchess.com"]
[Source "ChessBase"]
[SourceQuality "1"]
[TimeControl "40/5400+30:1800+30"]

1. d4 Nf6 2. c4 g6 3. Nc3 Bg7 4. e4 d6 5. Nf3 O-O 6. Be2 c5 7. O-O cxd4 8. Nxd4 Nc6 9. Nc2 Be6 10. Rb1 Rc8 11. Ne3 a6 12. Ned5 Bxd5 $11 13. cxd5 Na5 14. Be3 b5 15. Bd4 Nc4 16. b3 Na3 17. Rb2 Qa5 18. Qd3 Nd7 19. Bxg7 Kxg7 20. Qd4+ Kg8 21. Nd1 Nc2 22. Qd3 Ne5 23. Qg3 Qd2 24. Bg4 Nxg4 25. Qxg4 Rc7 26. Qf3 Rfc8 27. Ne3 Qd4 28. Rbb1 Rc3 29. Nxc2 Rxc2 30. Rbd1 Qb4 31. Ra1 R8c3 32. Qf4 Re2 33. Rac1 Rxa2 34. h4 Qxb3 35. h5 Qc4 36. Qg5 f6 37. Qf4 g5 38. Rxc3 Qxc3 39. Qg4 Rc2 40. Qd7 Qe5 41. Qe8+ Kg7 42. h6+ Kxh6 43. Qf8+ Kg6 44. Qg8+ Kh6 45. Qf8+ Kh5 46. Qf7+ Kg4 47. Qxh7 Kf4 48. Re1 g4 49. g3+ Kg5 50. Qg7+ Kh5 51. Kg2 Rxf2+ 52. Kxf2 Qd4+ 53. Re3 b4 54. Qh7+ Kg5 55. Qh4+ Kg6 56. Qxg4+ Kh6 57. Qh4+ Kg7 58. Qg4+ Kh6 59. Qc8 a5 60. Qc2 Kg5 61. Ke2 Qa7 62. Rf3 Kh6 63. g4 Qg1 64. Kd3 Kg6 65. Qf2 Qd1+ 66. Kc4 Qb1 67. Re3 a4 68. e5 dxe5 69. Qf5+ Qxf5 70. gxf5+ Kxf5 71. Kxb4 e4 72. Kc5 Ke5 73. Rh3 Kf4 74. Rh7 a3 75. Rh2 e3 76. Kd4 f5 77. Re2 a2 78. Rxa2 Kf3 79. Ke5 e2 80. Ra3+ Kf2 81. Ra1 f4 82. Kxf4 e1=Q 83. Rxe1 Kxe1 84. Ke5 1-0

[Event "IND-ch Women 2019"]
[Site "Karaikkudi"]
[Date "2019.07.26"]
[Round "10.17"]
[White "Shriya R Revankar"]
[Black "Meenal Gupta"]
[Result "1/2-1/2"]
[ECO "B52"]
[WhiteElo "1627"]
[BlackElo "2004"]
[Annotator "NA RC"]
[PlyCount "188"]
[EventDate "2019.07.19"]
[EventType "swiss"]
[EventCountry "IND"]
[SourceTitle "playchess.com"]
[Source "ChessBase"]
[SourceQuality "1"]
[TimeControl "40/5400+30:1800+30"]

1. e4 c5 2. Nf3 d6 3. Bb5+ Bd7 4. Bxd7+ Qxd7 5. O-O Nc6 6. c3 Nf6 7. Re1 e6 8. d4 cxd4 9. cxd4 d5 10. e5 Ne4 11. Nbd2 Nxd2 12. Bxd2 Be7 13. Rc1 O-O 14. Rc3 Rfc8 $11 15. a3 b5 16. Rd3 Qd8 17. h4 a5 18. Ng5 h6 19. Nh3 Ra7 20. Qg4 Kh7 21. Rg3 Qf8 22. Nf4 Nxd4 23. Nxd5 Nf5 24. Rh3 Rc2 25. Nxe7 Qxe7 26. Bc3 Qc5 27. Rf3 Qc4 28. Qxc4 bxc4 29. Rf4 Rb7 30. Ree4 Rc1+ 31. Kh2 Rd7 32. Re1 Rxe1 33. Bxe1 Rd5 34. Bc3 Rc5 35. Kh3 Kg8 36. g4 Nxh4 37. Rd4 Nf3 38. Rd8+ Kh7 39. Kg2 Nxe5 40. Bd4 Nc6 41. Rc8 Rd5 42. Bxg7 Ne7 43. Rc7 Kxg7 44. Rxe7 Rb5 45. Rc7 Rxb2 46. Rxc4 Rb3 47. Ra4 Rb5 48. Kf3 Kg6 49. Kf4 Rd5 50. Rc4 f6 51. Ke4 Kg5 52. f3 Rb5 53. a4 Re5+ 54. Kd3 Kh4 55. Rf4 Kg5 56. Rc4 Rd5+ 57. Ke4 f5+ 58. gxf5 Rxf5 59. Rc6 Kf6 60. f4 h5 61. Rc8 Ke7 62. Ra8 Rd5 63. Kf3 Rc5 64. Kg3 Kd6 65. Kh4 Rf5 66. Ra6+ Ke7 67. Ra7+ Kf6 68. Kg3 Rd5 69. Kf3 Rc5 70. Ra8 Rc3+ 71. Kg2 Rc5 72. Kf3 Rf5 73. Rf8+ Kg6 74. Rg8+ Kf7 75. Ra8 e5 76. Ra7+ Ke6 77. Ra6+ Kd7 78. Ke4 Rxf4+ 79. Kxe5 Rxa4 80. Kd5 h4 81. Ra7+ Kc8 82. Kc6 Rc4+ 83. Kb5 Rg4 84. Kxa5 Rg5+ 85. Kb4 Rh5 86. Kc3 h3 87. Ra1 Kd7 88. Kd3 Ke6 89. Ke4 h2 90. Rh1 Rh3 91. Kf4 Kf6 92. Kg4 Rh6 93. Kg3 Kg5 94. Rxh2 Kf5 1/2-1/2

[Event "IND-ch Women 2019"]
[Site "Karaikkudi"]
[Date "2019.07.26"]
[Round "10.18"]
[White "Sanskriti Goyal"]
[Black "Sheena, E.."]
[Result "*"]
[ECO "D46"]
[WhiteElo "1948"]
[BlackElo "1763"]
[Annotator "NA RC"]
[PlyCount "121"]
[EventDate "2019.07.19"]
[EventType "swiss"]
[EventCountry "IND"]
[SourceTitle "playchess.com"]
[Source "ChessBase"]
[SourceQuality "1"]
[TimeControl "40/5400+30:1800+30"]

1. d4 d5 2. c4 e6 3. Nc3 c6 4. Nf3 Nf6 5. e3 Bd6 6. Bd3 Nbd7 7. O-O O-O 8. e4 dxe4 9. Nxe4 Nxe4 10. Bxe4 $11 f5 11. Bc2 Nf6 12. Re1 h6 13. h3 Bd7 14. Ne5 Be8 15. Qf3 Nd7 16. Nd3 Qf6 17. c5 Bc7 18. Rxe6 Qxd4 19. Bd2 Nxc5 20. Bc3 Nxe6 21. Bxd4 Nxd4 22. Qd1 b6 23. Rc1 f4 24. Ne1 Rd8 25. Qd3 f3 26. Qh7+ Kf7 27. Qg6+ Kg8 28. Qh7+ Kf7 29. Rd1 Ne2+ 30. Kh1 fxg2+ 31. Nxg2 Rxd1+ 32. Bxd1 Nd4 33. Qe4 Ne6 34. Bb3 Bd7 35. Nh4 Re8 36. Qg6+ Ke7 37. Bxe6 Bxe6 38. Qxg7+ Kd8 39. Qxh6 Bxh3 40. Qd2+ Kc8 41. f4 Be6 42. Ng6 Bxa2 43. f5 Bb1 44. Qg5 Re1+ 45. Kg2 Re2+ 46. Kf3 Rxb2 47. f6 Rb3+ 48. Ke2 Rb2+ 49. Ke1 Ba2 50. f7 Bxf7 51. Qf5+ Kb7 52. Qxf7 b5 53. Nf8 Kb6 54. Ne6 Bg3+ 55. Kd1 Rf2 56. Qg7 Rf1+ 57. Kc2 Re1 58. Qd4+ Kb7 59. Nc5+ Kb6 60. Nd3+ c5 61. Qxc5+ *

[Event "IND-ch Women 2019"]
[Site "Karaikkudi"]
[Date "2019.07.26"]
[Round "10.19"]
[White "Nandhini, Saripalli"]
[Black "Shah, Vishwa"]
[Result "1-0"]
[ECO "C47"]
[WhiteElo "1933"]
[BlackElo "1734"]
[Annotator "NA RC"]
[PlyCount "93"]
[EventDate "2019.07.19"]
[EventType "swiss"]
[EventCountry "IND"]
[SourceTitle "playchess.com"]
[Source "ChessBase"]
[SourceQuality "1"]
[TimeControl "40/5400+30:1800+30"]

1. e4 e5 2. Nf3 Nc6 3. Nc3 Nf6 4. d4 exd4 5. Nxd4 Bb4 6. Nxc6 bxc6 7. Bd3 d5 8. exd5 cxd5 9. O-O $11 O-O 10. h3 h6 11. Qf3 c6 12. Bf4 Bd6 13. Rfe1 Be6 14. Ne2 c5 15. Rad1 d4 16. b3 Bd5 17. Qg3 Nh5 18. Qg4 Nf6 19. Qh4 Ne4 20. Qxd8 Rfxd8 21. c4 Bb7 22. Bxe4 Bxe4 23. Bxd6 Rxd6 24. Nxd4 Bxg2 25. Kxg2 cxd4 26. Rd3 Kf8 27. c5 Rd5 28. Rc1 Ke7 29. Rc4 Rad8 30. b4 Kf6 31. a4 Ke5 32. b5 Rc8 33. c6 f5 34. f3 g5 35. Kf2 h5 36. Rb4 Rb8 37. Rd1 d3 38. Ke3 f4+ 39. Kd2 Kf5 40. Rc1 g4 41. hxg4+ hxg4 42. fxg4+ Kxg4 43. c7 Rc8 44. a5 Kg3 45. b6 Rxa5 46. b7 Ra2+ 47. Kxd3 1-0

[Event "IND-ch Women 2019"]
[Site "Karaikkudi"]
[Date "2019.07.26"]
[Round "10.20"]
[White "Chinnam Vyshnavi"]
[Black "Toshali, V."]
[Result "0-1"]
[ECO "B13"]
[WhiteElo "1664"]
[BlackElo "1920"]
[Annotator "NA RC"]
[PlyCount "112"]
[EventDate "2019.07.19"]
[EventType "swiss"]
[EventCountry "IND"]
[SourceTitle "playchess.com"]
[Source "ChessBase"]
[SourceQuality "1"]
[TimeControl "40/5400+30:1800+30"]

1. d4 d5 2. Bf4 c5 3. e3 Nc6 4. Nf3 Nf6 5. Nc3 cxd4 6. exd4 Bg4 7. Bb5 e6 8. h3 Bh5 9. g4 $11 Bg6 10. Ne5 Qb6 11. a4 Bb4 12. O-O O-O 13. Bxc6 bxc6 14. h4 Bxc3 15. bxc3 Qb2 16. Nxg6 fxg6 17. Qd3 Qb7 18. f3 Qe7 19. Bg3 Ne8 20. c4 Nd6 21. c5 Nc4 22. Rae1 Qf6 23. c3 Rae8 24. Kg2 Rf7 25. Re2 h5 26. g5 Qf5 27. Qxf5 gxf5 28. Bd6 Nxd6 29. cxd6 Rd7 30. Rb1 Kf7 31. Kg3 Rxd6 32. Kf4 c5 33. Ke5 Rd7 34. dxc5 d4 35. c4 Rc8 36. Rb5 a6 37. Ra5 Rc6 38. Rd2 d3 39. Kf4 Rd4+ 40. Ke3 Rxh4 41. Kxd3 Rh1 42. Rb2 h4 43. Rb6 h3 44. Rxc6 h2 45. Raxa6 Rd1+ 46. Kc3 h1=Q 47. Ra7+ Kg6 48. Rxe6+ Kxg5 49. Rxg7+ Kf4 50. Kb4 Rb1+ 51. Ka5 Qxf3 52. Rgg6 Qc3+ 53. Ka6 Qxc4+ 54. Ka7 Qxa4+ 55. Ra6 Qd7+ 56. Ka8 Qb7# 0-1

[Event "IND-ch Women 2019"]
[Site "Karaikkudi"]
[Date "2019.07.26"]
[Round "10.21"]
[White "Sunyasakta, Satpathy"]
[Black "Dhyana Patel"]
[Result "0-1"]
[ECO "B21"]
[WhiteElo "1801"]
[BlackElo "1900"]
[Annotator "NA RC"]
[PlyCount "72"]
[EventDate "2019.07.19"]
[EventType "swiss"]
[EventCountry "IND"]
[SourceTitle "playchess.com"]
[Source "ChessBase"]
[SourceQuality "1"]
[TimeControl "40/5400+30:1800+30"]

1. e4 c5 2. d4 cxd4 3. c3 dxc3 4. Nxc3 Nc6 5. Nf3 e6 6. Bc4 Bb4 7. Bd2 Nge7 8. O-O O-O 9. Bg5 Qa5 10. Nd5 exd5 11. exd5 Nd8 12. d6 Nf5 13. a3 Bxd6 14. g4 Be7 15. b4 Qb6 16. gxf5 Bxg5 17. Nxg5 Qf6 18. Ne4 Qxf5 19. Nd6 Qf6 20. Rc1 Ne6 21. Qg4 Ng5 22. Qg3 Nf3+ 23. Kh1 Nd4 24. Rg1 g6 25. h4 Nf5 26. Nxf5 Qxf5 27. Rcd1 Qe4+ 28. Kh2 Qxc4 29. Rd6 Qe4 30. h5 Re8 31. hxg6 fxg6 32. Re1 Qxe1 33. Rxg6+ Kh8 34. Rg5 Rf8 35. Kh3 Qh1+ 36. Kg4 d6+ 0-1

[Event "IND-ch Women 2019"]
[Site "Karaikkudi"]
[Date "2019.07.27"]
[Round "11.4"]
[White "Ramaswamy, Aarthie"]
[Black "Srija, Seshadri"]
[Result "0-1"]
[ECO "C60"]
[WhiteElo "2020"]
[BlackElo "2306"]
[Annotator "NA RC"]
[PlyCount "97"]
[EventDate "2019.07.19"]
[EventType "swiss"]
[EventCountry "IND"]
[SourceTitle "playchess.com"]
[Source "ChessBase"]
[SourceQuality "1"]
[TimeControl "40/5400+30:1800+30"]

1. e4 e5 2. Nf3 Nc6 3. Bb5 a6 4. Ba4 g6 5. O-O Bg7 6. c3 b5 7. Bb3 Nge7 8. d4 exd4 {[%emt 0:00:19] C60: Ruy Lopez: Unusual Black 3rd moves and 3...g6} 9. cxd4 O-O 10. d5 (10. Nc3 d6 11. h3 Na5 12. Bc2 c5 13. dxc5 dxc5 14. Qxd8 Rxd8 {0-1 (65) Vachier Lagrave,M (2789)-Mamedyarov,S (2808) Leuven 2018}) 10... Na5 $1 11. Bd2 Nxb3 ({Reject} 11... Bxb2 $6 12. Bxa5 Bxa1 13. Nc3 $16) 12. Qxb3 c5 13. dxc6 dxc6 14. Bc3 Be6 15. Qc2 f6 $146 ({Predecessor:} 15... Bxc3 16. Nxc3 {½-½ (26) Padmini,R (2374)-Karavade,E (2421) Delhi 2016}) 16. Rd1 Qc7 17. Nd4 Bf7 18. Bb4 Rac8 19. Bc5 Rfe8 20. Nd2 f5 21. exf5 Bxd4 22. Bxd4 Nxf5 23. Ne4 Nxd4 24. Rxd4 Qe5 25. Qc5 Qxc5 26. Nxc5 Re2 27. b4 Rc2 28. h4 a5 29. a3 Bd5 30. Re1 Rf8 31. f3 axb4 32. axb4 Ra8 33. Nd7 Raa2 34. Nf6+ {[%emt 0:00:01] [#]} (34. Rg4 $1 $11) 34... Kf7 $1 35. Nxd5 Rxg2+ ({And not} 35... cxd5 36. Rf4+ Kg8 37. Re8+ Kg7 38. Re7+ Kg8 39. Rg4 $14) 36. Kh1 cxd5 37. Rxd5 Rh2+ 38. Kg1 Rag2+ 39. Kf1 Rb2 40. Kg1 Rxh4 41. Rxb5 Rhh2 $11 (41... Rhxb4 $17 42. Rxb4 Rxb4) 42. Rc1 Rhg2+ 43. Kh1 h5 44. f4 Rgf2 45. f5 Rxf5 46. Rxf5+ gxf5 47. Rc7+ Kg6 48. Rb7 Kg5 49. Kg1 0-1